AoeStats
← Kanyaga

Arabia

509483836Analyzed
1v1 RM · 5d ago on Sep 26, 2026· 72m 25s· 2 players
Game mode
Random Map
Map size
Tiny (2 player)
Population
200
Speed
Normal
Resources
Standard
Victory
Conquest
Starting age
Dark Age
Ending age
Imperial Age
RankedLock teamsTeams togetherTeam positionsShared explorationLock speedFull tech treeHidden civsTurbo modeCheats
Victory
Defeat
🇨🇦 Saxons · Canada
1558
+17
🇹🇷 Huns · Türkiye
1580
-17
TheSam
5:19 Loom
9:58 Feudal Age
10:34 Feudal Age
10:38 Man-at-Arms
11:28 Double-Bit Axe
16:06 Town Watch
24:48 Castle Age
23:47 Padded Archer Armor
23:39 Fletching
23:50 Padded Archer Armor
23:34 Horse Collar
24:55 Crossbowman
26:22 Bow Saw
32:22 Wheelbarrow
32:50 Gold Mining
32:51 Stone Mining
36:53 Imperial Age
34:55 Bodkin Arrow
35:06 Squires
34:27 Pikeman
34:56 Gambesons
34:56 Arson
36:05 Hand Cart
37:30 Scale Mail Armor
37:41 Forging
38:16 Ballistics
38:57 Chemistry
37:42 Elite Varangian Guard
38:35 Elite Varangian Guard
39:40 Chain Mail Armor
41:03 Plate Mail Armor
42:13 Conscription
43:17 Two-Man Saw
42:28 Heavy Plow
42:11 Pikeman
42:45 Elite Skirmisher
44:14 Leather Archer Armor
43:59 Bracer
44:35 Iron Casting
45:20 Iron Casting
45:31 Ring Archer Armor
45:45 Masonry
46:01 Scale Barding Armor
48:02 Hoardings
51:13 Scale Barding Armor
51:27 Light Cavalry
52:18 Bloodlines
52:10 Husbandry
51:50 Shield Wall
53:05 Chain Barding Armor
54:16 Architecture
53:51 Siege Engineers
56:03 Siege Engineers
55:45 Arrowslits
59:57 Hussar
63:42 Halberdier
Kanyaga
11:53 Feudal Age
12:21 Loom
11:59 Man-at-Arms
16:07 Fletching
21:01 Wheelbarrow
24:23 Castle Age
22:40 Gold Mining
22:36 Horse Collar
24:16 Gold Mining
24:53 Bloodlines
24:49 Scale Barding Armor
24:53 Double-Bit Axe
25:47 Bodkin Arrow
27:15 Bow Saw
29:35 Elite Skirmisher
33:49 Ballistics
35:17 Town Watch
35:45 Heavy Plow
35:56 Padded Archer Armor
36:36 Thumb Ring
40:17 Imperial Age
38:35 Hand Cart
38:45 Husbandry
38:07 Light Cavalry
39:46 Chain Barding Armor
39:45 Stone Mining
41:22 Conscription
41:43 Bracer
42:49 Chemistry
42:00 Masonry
42:44 Parthian Tactics
42:46 Murder Holes
42:19 Heavy Cavalry Archer
43:33 Leather Archer Armor
44:14 Gold Shaft Mining
45:08 Elite Tarkan
47:18 Plate Barding Armor
46:54 Forging
46:15 Hussar
48:35 Atheism
48:17 Marauders
48:50 Town Patrol
59:21 Two-Man Saw
Connection lost

Rejoining the realm…

Still unreachable

The connection could not be restored.

Session expired

The server has moved on; the page needs a fresh start.